Map: Whirlwind LE (Void)

Players

Chenzewei - Winner!

  • Race: Zerg Zerg
  • League: Gold
  • Spawn Location: 11:00

Fropez

  • Race: Protoss Protoss
  • League: Gold
  • Spawn Location: 7:00

VOD

Have the link to the VOD?

Description

Time

  • Played on: Dec. 8, 2016, 6:04 p.m.
  • Length: 14:31
Show
View Real Time Build Order
Export as new Build Order

Chenzewei Zerg - Winner!

Build Orders: Hatch First 

Get SALT Encoding   

  12  0:01  Drone  
  13  0:09  Drone  
  14  0:17  Overlord  
  14  0:23  Extractor, Drone  
  14  0:30  Extractor, Drone  
  15  0:36  Drone  
  16  0:49  Drone  
  17  0:56  Drone  
  18  1:05  Hatchery  
  18  1:11  Drone  
  18  1:19  Drone  
  19  1:28  Drone  
  20  1:39  Drone  
  21  1:48  Spawning Pool  
  21  1:51  Extractor, Drone  
  20  2:02  Drone  
  21  2:13  Drone  
  22  2:21  Drone  
  23  2:31  Hatchery  
  23  2:34  Drone  
  23  2:37  Drone  
  23  2:38  Drone  
  23  2:42  Queen  
  27  2:45  Zergling x2  
  27  2:49  Overlord  
  28  3:01  Metabolic Boost  
  28  3:07  Queen  
  28  3:12  Drone  
  31  3:14  Drone x3  
  34  3:22  Drone x2  
  34  3:25  Lair  
  36  3:40  Overlord  
  36  3:43  Pneumatized Carapace  
  36  3:44  Queen  
  36  3:46  Drone x3  
  41  3:53  Drone  
  42  3:59  Overlord  
  42  4:00  Drone  
  43  4:04  Roach Warren  
  43  4:05  Drone x2  
  43  4:09  Drone x2  
  41  4:32  Drone x2  
  41  4:33  Spore Crawler, Drone  
  41  4:36  Spore Crawler  
  41  4:37  Drone x2  
  44  4:39  Extractor  
  44  4:41  Extractor  
  42  4:46  Spire  
  42  4:51  Overseer  
  42  4:52  Drone x3  
  44  4:56  Drone x2  
  44  4:57  Drone  
  47  5:05  Drone x3  
  50  5:21  Drone x4  
  52  5:22  Drone  
  55  5:29  Drone x2  
  57  5:44  Overlord x4  
  57  5:45  Queen, Spine Crawler  
  57  5:47  Glial Reconstitution  
  57  6:02  Drone x3  
  60  6:04  Spine Crawler  
  59  6:12  Evolution Chamber  
  59  6:13  Infestation Pit  
  59  6:15  Drone x3  
  59  6:16  Evolution Chamber, Drone  
  60  6:19  Drone  
  60  6:20  Drone x3  
  60  6:24  Roach x3  
  60  6:25  Roach x2  
  74  6:36  Mutalisk x3  
  74  6:37  Mutalisk  
  80  6:40  Zerg Ground Armor Level 1  
  80  6:43  Drone  
  80  6:44  Drone x3  
  84  6:47  Extractor  
  84  6:53  Zergling x2  
  84  6:54  Zergling x2  
  85  7:00  Drone x3  
  85  7:01  Drone x2  
  90  7:10  Hatchery  
  90  7:12  Hive  
  90  7:13  Burrow  
  90  7:14  Drone  
  90  7:18  Overlord x4  
  90  7:34  Extractor  
  86  7:50  Spore Crawler  
  86  7:51  Drone x3  
  86  7:53  Mutalisk x3  
  86  7:57  Hatchery  
  91  7:59  Drone x2  
  91  8:00  Drone  
  91  8:05  Zerg Missile Weapons Level 1  
  94  8:17  Zergling x2  
  94  8:18  Zergling x6  
  98  8:22  Roach x5  
  98  8:23  Roach x5  
  98  8:26  Hatchery  
  97  8:37  Mutalisk x4  
  97  8:38  Mutalisk, Roach  
  108  8:46  Roach x3  
  114  8:49  Queen  
  112  9:01  Roach x4  
  112  9:02  Overlord x2  
  120  9:03  Overlord  
  120  9:05  Drone  
  121  9:10  Viper  
  121  9:11  Drone x2  
  126  9:22  Infestation Pit  
  125  9:32  Drone x2  
  127  9:40  Extractor  
  124  9:46  Spine Crawler, Hatchery  
  124  9:49  Spore Crawler  
  124  9:50  Spore Crawler  
  124  9:51  Evolution Chamber, Spine Crawler  
  114  9:56  Zerg Ground Armor Level 2, Hydralisk Den  
  107  10:02  Overlord  
  107  10:03  Overlord x2  
  107  10:04  Spine Crawler, Mutalisk x2, Spore Crawler  
  109  10:08  Drone  
  109  10:09  Drone x2  
  112  10:20  Drone  
  113  10:21  Spore Crawler  
  113  10:23  Roach  
  113  10:24  Roach x4  
  113  10:25  Spore Crawler  
  113  10:26  Queen, Drone x2  
  113  10:27  Drone  
  126  10:31  Drone  
  127  10:36  Spore Crawler  
  127  10:38  Overlord x2  
  127  10:39  Overlord x2  
  127  10:40  Roach x2  
  127  10:41  Roach x2  
  134  10:46  Drone  
  134  10:49  Roach x2  
  123  11:00  Roach  
  123  11:01  Roach x4  
  128  11:13  Zergling x8  
  132  11:18  Drone  
  132  11:21  Corruptor x2  
  137  11:28  Drone x3  
  140  11:33  Drone  
  140  11:34  Drone  
  140  11:38  Roach x4  
  138  11:53  Roach x4  
  138  11:54  Roach x6  
  154  11:55  Roach  
  154  12:01  Spore Crawler  
  160  12:08  Extractor, Drone x2  
  160  12:09  Hydralisk, Drone x2  
  160  12:10  Hydralisk x6  
  160  12:11  Hydralisk  
  160  12:14  Muscular Augments  
  178  12:17  Spine Crawler  
  179  12:22  Hydralisk  
  179  12:23  Hydralisk, Roach  
  179  12:28  Greater Spire  
  183  12:31  Zergling x2  
  183  12:32  Zergling x4  
  183  12:33  Drone x2  
  178  12:50  Queen, Spore Crawler  
  179  12:52  Overlord x2  
  175  13:05  Roach x5  
  182  13:15  Spore Crawler  
  182  13:19  Hydralisk x5, Roach x2  
  190  13:20  Hydralisk x3  
  197  13:42  Zergling x4  
  197  13:46  Roach x2  
  197  13:47  Roach x3  
  197  13:48  Roach  
  196  13:55  Spine Crawler  
  189  13:56  Spine Crawler x2  
  176  14:04  Brood Lord  
  176  14:05  Brood Lord  
  172  14:10  Roach  
Show
View Real Time Build Order
Export as new Build Order

Fropez Protoss 

Build Orders: Oracle Opening 

Get SALT Encoding   

  12  0:01  Probe (Chrono Boost)  
  13  0:13  Pylon  
  13  0:17  Probe (Chrono Boost)  
  14  0:27  Probe (Chrono Boost)  
  15  0:34  Gateway  
  15  0:38  Probe (Chrono Boost)  
  16  0:42  Assimilator  
  16  0:50  Probe (Chrono Boost)  
  17  1:01  Probe (Chrono Boost)  
  18  1:11  Probe (Chrono Boost)  
  19  1:21  Cybernetics Core  
  19  1:22  Probe (Chrono Boost)  
  20  1:30  Assimilator  
  21  1:32  Probe (Chrono Boost)  
  21  1:43  Probe (Chrono Boost)  
  22  1:54  Probe (Chrono Boost)  
  23  1:55  Nexus  
  23  2:09  Stargate  
  23  2:13  Pylon  
  23  2:26  Pylon  
  23  2:31  Mothership Core (Chrono Boost)  
  25  2:44  Pylon  
  25  2:50  Pylon, Probe (Chrono Boost), Oracle (Chrono Boost)  
  31  3:05  Warp Gate (Chrono Boost)  
  29  3:06  Adept  
  29  3:11  Probe  
  29  3:12  Probe  
  33  3:23  Probe  
  34  3:31  Probe  
  34  3:33  Adept  
  37  3:39  Probe  
  38  3:43  Probe, Gateway  
  38  3:47  Oracle  
  39  3:50  Gateway  
  39  3:51  Probe  
  43  4:00  Assimilator  
  43  4:05  Assimilator  
  43  4:08  Adept  
  45  4:54  Probe x2  
  45  4:57  Pylon  
  45  4:59  Adept x2  
  51  5:02  Gateway  
  51  5:06  Probe x2  
  53  5:14  Pylon  
  53  5:18  Probe  
  53  5:20  Pylon  
  54  5:32  Gateway  
  54  5:33  Phoenix  
  54  5:35  Twilight Council  
  56  6:00  Adept x3  
  56  6:01  Probe x2  
  64  6:09  Forge  
  53  6:11  Resonating Glaives (Chrono Boost)  
  64  6:12  Pylon, Forge  
  64  6:13  Probe x2  
  66  6:52  Protoss Ground Weapons Level 1 (Chrono Boost)  
  66  6:58  Adept x3  
  66  6:59  Protoss Ground Armor Level 1 (Chrono Boost)  
  72  7:06  Phoenix  
  74  7:12  Gateway  
  74  7:14  Gateway  
  74  7:16  Gateway x2  
  74  7:17  Gateway  
  74  7:28  Templar Archives  
  74  7:38  Robotics Facility  
  74  7:40  Pylon  
  74  7:42  Pylon  
  72  7:44  Phoenix (Chrono Boost)  
  70  7:54  Blink (Chrono Boost)  
  70  8:00  Nexus, Stalker x5  
  70  8:02  Probe  
  81  8:07  Pylon  
  81  8:12  Phoenix  
  80  8:32  High Templar x3  
  80  8:33  High Templar  
  82  8:47  Archon x2  
  82  9:03  High Templar x2  
  82  9:05  Adept x4  
  94  9:14  Probe x2  
  94  9:15  Probe  
  97  9:20  Pylon, Immortal  
  97  9:21  Phoenix  
  97  9:22  Pylon  
  101  9:25  Pylon  
  101  9:26  Probe  
  101  9:27  Pylon  
  101  9:30  Pylon  
  104  9:31  Pylon  
  104  9:35  Zealot  
  106  10:11  Probe  
  106  10:13  Probe x2  
  109  10:16  Assimilator  
  109  10:20  Assimilator  
  109  10:22  Adept x3  
  109  10:23  Adept x6, Probe  
  128  10:29  Zealot  
  126  10:56  Probe, Stalker x2  
  126  10:57  Stalker x4  
  130  10:58  Probe  
  136  11:29  Nexus  
  136  11:31  Pylon  
  136  11:33  Pylon  
  136  11:36  Pylon  
  132  11:40  Assimilator  
  124  11:49  Stalker  
  124  11:50  Stalker x5  
  132  11:54  High Templar x2  
  132  11:58  Archon  
  136  12:04  Probe  
  136  12:05  Probe  
  136  12:06  Probe  
  139  12:16  Probe  
  139  12:18  Probe  
  139  12:21  Photon Cannon  
  141  12:23  Photon Cannon  
  141  12:26  Photon Cannon  
  141  12:30  High Templar x2  
  141  12:31  High Templar x2  
  141  12:32  High Templar, Photon Cannon  
  151  12:38  Pylon  
  147  12:51  Stalker x2  
  147  12:52  Stalker x2  
  147  13:17  Archon  
  145  13:21  Stalker x4  
  145  13:22  Stalker x2  
  149  13:30  High Templar x2  
  149  13:31  Archon  
Tags
 
Add a new tag
Caveats
  • Supply blocks, unpowered buildings, or Contaminate may cause inaccurate times.
  • Supply counts are checked every 10 seconds.